 Dungeon Crawl Stone Soup version 0.30-a0-737-gf23d94013f (webtiles) character file.

Game seed: 1163184169392525005

1854 jimonade the Basher (level 9, -7/69 HPs)
             Began as a Gnoll Wanderer on Feb 2, 2023.
             Was an Initiate of Ashenzari.
             Killed from afar by Maggie (10 damage)
             ... with a bolt of fire
             ... on level 6 of the Dungeon.
             The game lasted 00:14:28 (5857 turns).

jimonade the Basher (Gnoll Wanderer)                Turns: 5857, Time: 00:14:28

Health: -7/69      AC: 17    Str: 16    XL:     9   Next: 12%
Magic:  0/15       EV:  6    Int: 13    God:    Ashenzari [......]
Gold:   222        SH:  0    Dex: 17    Spells: 16/16 levels left

rFire   . . .      SeeInvis .    a - +1 whip (venom)
rCold   . . .      Faith    .    (no shield)
rNeg    . . .      Spirit   +    t - +0 plate armour
rPois   .          Reflect  .    G - +2 helmet
rElec   .          Harm     .    M - +0 cloak "Yoke of Ashenzari" {Comp, Fort} (curse)
rCorr   .          Rampage  .    (no gloves)
Will    .....                    Q - +0 pair of boots Stlth
                                 H - amulet of guardian spirit
HPRegen 0.31/turn                L - ring of Due Proportion {Str+3 Dex+4 Slay+4}
MPRegen 0.14/turn                (no ring)

@: mesmerised
A: fangs 1, strong nose, distributed training
a: Renounce Religion, Shatter the Chains


You were on level 6 of the Dungeon.
You worshipped Ashenzari.
Ashenzari was noncommittal.
You visited 2 branches of the dungeon, and saw 7 of its levels.
You also visited: Sewer.

You collected 222 gold pieces.

Inventory:

Hand Weapons
 a - a +1 whip of venom (weapon)
 b - a +1 eveningstar
 d - a +0 dagger
 j - a +2 whip of freezing
 n - a +0 spear
 o - a +0 quarterstaff
 s - a +2 mace
 C - a +0 sling
Missiles
 c - 14 poisoned darts (quivered)
 w - a throwing net
 z - a curare-tipped dart
Armour
 f - a +0 leather armour
 t - a +0 plate armour (worn)
 G - a +2 helmet (worn)
 M - the cursed +0 cloak "Yoke of Ashenzari" (worn) {Comp, Fort}
   (You found it on level 4 of the Dungeon)

   It has a curse which improves the following skills: Companions: Summonings
   and Necromancy.
   Fortitude: Armour and Shields.
 P - a +0 cloak
 Q - a +0 pair of boots (worn)
Jewellery
 H - an amulet of guardian spirit (around neck)
 L - the ring of Due Proportion (left hand) {Str+3 Dex+4 Slay+4}
   (You found it on level 4 of the Dungeon)

   [ring of slaying]

   Str:       It affects your strength (+3).
   Dex:       It affects your dexterity (+4).
   Slay:      It affects your accuracy & damage with ranged weapons and melee
   (+4).
Wands
 p - a wand of charming (17)
 x - a wand of roots (10)
 F - a wand of flame (20)
Scrolls
 g - a scroll of blinking
 l - a scroll of identify
 r - 2 scrolls of fear
 y - a scroll of summoning
 A - 2 scrolls of fog
 B - 3 scrolls of teleportation
 E - 3 scrolls of amnesia
 I - a scroll of poison
 J - a scroll of brand weapon
 N - a scroll of vulnerability
 R - a scroll of acquirement
Potions
 e - 8 potions of curing
 h - 2 potions of brilliance
 i - 2 potions of invisibility
 k - a potion of heal wounds
 m - 5 potions of haste
 q - 4 potions of attraction
 u - 2 potions of flight
 v - a potion of resistance
 D - 2 potions of lignification
 K - a potion of cancellation
 O - 3 potions of ambrosia


   Skills:
 + Level 6.2 Fighting
 + Level 4.1 Short Blades
 + Level 4.9 Long Blades
 + Level 4.1 Axes
 + Level 9.5 Maces & Flails
 + Level 4.1 Polearms
 + Level 4.1 Staves
 + Level 4.1 Ranged Weapons
 + Level 4.9 Throwing
 + Level 4.1(4.5) Armour
 + Level 4.9 Dodging
 + Level 4.1 Stealth
 + Level 4.1(4.5) Shields
 + Level 4.1 Unarmed Combat
 + Level 4.1 Spellcasting
 + Level 3.3 Conjurations
 + Level 3.3 Hexes
 + Level 3.3(3.7) Summonings
 + Level 3.3(3.7) Necromancy
 + Level 3.3 Translocations
 + Level 3.3 Transmutations
 + Level 3.3 Fire Magic
 + Level 3.3 Ice Magic
 + Level 3.3 Air Magic
 + Level 3.3 Earth Magic
 + Level 3.3 Poison Magic
 + Level 5.2 Invocations
 + Level 4.1 Evocations


You had 16 spell levels left.
You didn't know any spells.
Your spell library contained the following spells:

 Spells                   Type           Power      Damage    Failure   Level
 Animate Armour           Summ/Erth      22%        N/A       100%        4
 Blade Hands              Tmut           5%         N/A       100%        5
 Iron Shot                Conj/Erth      5%         9d2       100%        6


Dungeon Overview and Level Annotations

Branches:
Dungeon (6/15)             Temple (1/1) D:4           Sewer (visited)

Altars:
Ashenzari
Cheibriados
Dithmenos
Elyvilon
Fedhas
Gozag
Hepliaklqana
Kikubaaqudgha
Makhleb
Nemelex Xobeh
Okawaru
Ru
Sif Muna
Uskayaw
Xom

Shops:
D:2 :

Annotations:
D:6 Dowan, Maggie


Innate Abilities, Weirdness & Mutations

You have very sharp teeth.
Your uncanny sense of smell can sniff out nearby items.
Your experience applies equally to all skills.


Message History

Maggie draws you further into her thrall.
You completely miss Dowan.
Dowan is moderately wounded.
Duvessa barely misses you.
Dowan smirks and points a slender finger.
Dowan casts a spell at you. The puff of flame hits you.
Maggie hits you with a +2 war axe of pain.
You hit Duvessa but do no damage.
Duvessa looks as sick as possible!
Duvessa is severely wounded.
Maggie completely misses you. Duvessa hits you with a +0 short sword.
Dowan closely misses you.
You hit Duvessa.
Duvessa looks as sick as possible!
Duvessa is severely wounded.
Maggie closely misses you.
You closely miss Dowan.
Dowan is moderately wounded.
Duvessa hits you but does no damage.
Dowan whispers, "It won't be long now."
Dowan casts a spell at you. The puff of frost hits you!
Maggie says, "Fear not.
I will immortalize you in the tale of my first kill."
Maggie hits you with a +2 war axe of pain.
You writhe in agony.
You whack Duvessa!
You kill Duvessa!
Dowan screams, "No!
No!"
Dowan seems to find hidden reserves of power!
Dowan completely misses you. Maggie gestures at you while chanting.
The bolt of fire hits you!!
* * * LOW HITPOINT WARNING * * *
You hit Dowan.
Dowan looks as sick as possible!
Dowan is severely wounded.
Dowan casts a spell at you. The stone arrow hits you!
* * * LOW HITPOINT WARNING * * *
Maggie gestures at you while chanting. The bolt of fire hits you!
You die...

## ########## .# #######...##...##
.# ########...............######
<# #...........................#
.####..............)............#
.).[.........................<...
.####..........<@e....)...ยง......
.# #...####....).@....)..........
.###.### #.##........##.......>.
.##..# #..##...#.############.
....## ##.#...##.# #..#####
#...##>....... .......#
.....###....... ..####.### .......
....... .......... ##.... ......@


You could see Maggie (mesmerising, fast) and Dowan (fast, extremely poisoned).

Vanquished Creatures
  Pikel (D:6)
  Duvessa (D:6)
  A black bear (D:5)
  A lemure (D:6)
  2 kobold brigands (Sewer)
  A gnoll sergeant (D:6)
  3 necrophages
  3 scorpions
  A howler monkey (D:6)
  A hound (D:5)
  A gnoll bouda (D:5)
  Natasha (thrice) (D:2)
  2 iguanas (D:5)
  2 orc wizards
  11 gnolls
  A river rat (Sewer)
  15 adders
  3 white imps
  2 ufetubi (D:5)
  2 dart slugs
  9 orcs
  12 ball pythons
  8 bats
  4 endoplasms
  3 giant cockroaches
  4 hobgoblins
  3 jackals (D:4)
  14 kobolds
  5 quokkas
  4 frilled lizards
  6 goblins
  6 rats
135 creatures vanquished.

Vanquished Creatures (others)
  An iguana (D:6)
1 creature vanquished.

Grand Total: 136 creatures vanquished

Notes
Turn   | Place    | Note
-------+----------+-------------------------------------------
     0 | D:1      | jimonade the Gnoll Wanderer began the quest for the Orb.
     0 | D:1      | jimonade set off with the following items: a +2 mace, a +0
                  | falchion, 12 poisoned darts, a +0 dagger, a potion of
                  | curing, a +0 leather armour.
     0 | D:1      | Reached XP level 1. HP: 20/20 MP: 2/2
   147 | D:1      | Reached XP level 2. HP: 21/26 MP: 3/3
   698 | D:1      | Reached XP level 3. HP: 31/31 MP: 4/4
   816 | D:2      | Found Riajalon's Book Boutique.
  1053 | D:2      | Noticed Natasha
  1062 | D:2      | Killed Natasha
  1063 | D:2      | Reached skill level 1 in Short Blades
  1063 | D:2      | Reached skill level 1 in Axes
  1063 | D:2      | Reached skill level 1 in Polearms
  1063 | D:2      | Reached skill level 1 in Staves
  1063 | D:2      | Reached skill level 1 in Ranged Weapons
  1063 | D:2      | Reached skill level 1 in Armour
  1063 | D:2      | Reached skill level 1 in Stealth
  1063 | D:2      | Reached skill level 1 in Shields
  1063 | D:2      | Reached skill level 1 in Unarmed Combat
  1063 | D:2      | Reached skill level 1 in Spellcasting
  1063 | D:2      | Reached skill level 1 in Evocations
  1097 | D:2      | Reached XP level 4. HP: 29/38 MP: 6/6
  1471 | D:2      | Noticed Natasha
  1487 | D:2      | Killed Natasha
  1488 | D:2      | Reached skill level 1 in Conjurations
  1488 | D:2      | Reached skill level 1 in Hexes
  1488 | D:2      | Reached skill level 1 in Summonings
  1488 | D:2      | Reached skill level 1 in Necromancy
  1488 | D:2      | Reached skill level 1 in Translocations
  1488 | D:2      | Reached skill level 1 in Transmutations
  1488 | D:2      | Reached skill level 1 in Fire Magic
  1488 | D:2      | Reached skill level 1 in Ice Magic
  1488 | D:2      | Reached skill level 1 in Air Magic
  1488 | D:2      | Reached skill level 1 in Earth Magic
  1488 | D:2      | Reached skill level 1 in Poison Magic
  1617 | D:2      | Noticed Natasha
  1624 | D:2      | Killed Natasha
  1625 | D:2      | Reached XP level 5. HP: 38/43 MP: 7/7
  1914 | D:3      | Found a hide-covered altar of Uskayaw.
  1980 | D:3      | Found a glowing drain.
  1985 | Sewer    | Entered a sewer
  2002 | Sewer    | Reached XP level 6. HP: 35/50 MP: 8/8
  2288 | Sewer    | Reached skill level 5 in Fighting
  2729 | D:3      | Found a faded altar of an unknown god.
  2890 | D:3      | Found an opulent altar of Gozag.
  3083 | D:4      | Found a staircase to the Ecumenical Temple.
  3098 | D:4      | Found a blossoming altar of Fedhas.
  3110 | Temple   | Entered the Ecumenical Temple
  3254 | Temple   | Became a worshipper of Ashenzari the Shackled
  3319 | D:4      | Reached XP level 7. HP: 52/56 MP: 10/10
  3447 | D:4      | Found a hazy altar of Hepliaklqana.
  3449 | D:4      | Found a shadowy altar of Dithmenos.
  3449 | D:4      | Noticed a shadow
  3660 | D:4      | Identified the ring of Due Proportion {Str+3 Dex+4 Slay+4}
  4135 | D:4      | Reached skill level 9 in Maces & Flails
  4337 | D:5      | Entered Level 5 of the Dungeon
  4591 | D:5      | Reached * piety under Ashenzari
  4663 | D:5      | Reached XP level 8. HP: 60/63 MP: 10/12
  4809 | D:5      | Found a shimmering altar of Xom.
  4957 | D:5      | Identified a scroll of acquirement
  5198 | D:6      | Found a sacrificial altar of Ru.
  5427 | D:6      | Noticed Pikel
  5705 | D:6      | Killed Pikel
  5706 | D:6      | Reached skill level 5 in Invocations
  5706 | D:6      | Reached XP level 9. HP: 69/69 MP: 14/14
  5816 | D:6      | Noticed Duvessa
  5832 | D:6      | Noticed Maggie
  5833 | D:6      | Noticed Dowan
  5856 | D:6      | Killed Duvessa
  5857 | D:6      | HP: 3/69 [Dowan/stone arrow (11)]
  5857 | D:6      | Killed from afar by Maggie

Illustrated notes

Levels and vault maps discovered:
D:1:      dpeg_arrival_water_temple_mockup, layout_loops_ring
D:2:      cheibrodos_helix_gallery, layout_loops_cross, serial_shops,
          nicolae_shop_statue_plus, hangedman_decor_diamond_cutter,
          amcnicky_mini_pool_small, minmay_tall_x, uniq_natasha
D:3:      layout_basic, nicolae_overflow_crystal_walls, grunt_gozag_breadcrumbs,
          portal_sewer_entry_e, hellmonk_ecumenical_altar_arch_garden,
          minmay_box_of_dots
D:4:      layout_basic, riverfiend_overflow_shadow_ancestor,
          mainiacjoe_overflow_24_doors, minmay_temple_entry_grid,
          serial_co_window_serial, co_window_of_opportunity_a,
          co_window_paths_a, co_window_corner_a, co_window_paths_b,
          co_window_of_opportunity_a, co_window_paths_a,
          co_window_of_opportunity_a, co_window_of_opportunity_a,
          co_window_corner_a, co_window_2corner, co_window_corner_ca,
          co_window_2corner, co_window_broadway_a, glass_columns_a,
          glass_columns_b, glass_columns_a, glass_columns_a
D:5:      layout_loops_cross, marbit_many_paths
D:6:      layout_rooms, grunt_temple_overflow_holy_war,
          mainiacjoe_overflow_alcove_1, mainiacjoe_overflow_small_starburst,
          lemuel_crystal_altar, uniq_pikel, uniq_duvessa, uniq_maggie
Temple:   nicolae_temple_godpark

Skill      XL: |  1  2  3  4  5  6  7  8  9 |
---------------+----------------------------+-----
Short Blades   | 1 2 3 4 |  4.1
Axes           | 1 2 3 4 |  4.1
Polearms       | 1 2 3 4 |  4.1
Staves         | 1 2 3 4 |  4.1
Ranged Weapons | 1 2 3 4 |  4.1
Armour         | 1 2 3 4 |  4.1
Stealth        | 1 2 3 4 |  4.1
Shields        | 1 2 3 4 |  4.1
Unarmed Combat | 1 2 3 4 |  4.1
Spellcasting   | 1 2 3 4 |  4.1
Evocations     | 1 2 3 4 |  4.1
Conjurations   | 1 2 3 |  3.3
Hexes          | 1 2 3 |  3.3
Summonings     | 1 2 3 |  3.3
Necromancy     | 1 2 3 |  3.3
Translocations | 1 2 3 |  3.3
Transmutations | 1 2 3 |  3.3
Fire Magic     | 1 2 3 |  3.3
Ice Magic      | 1 2 3 |  3.3
Air Magic      | 1 2 3 |  3.3
Earth Magic    | 1 2 3 |  3.3
Poison Magic   | 1 2 3 |  3.3
Invocations    | 3 4 5 |  5.2
Long Blades    | 3 4 |  4.9
Throwing       | 3 4 |  4.9
Dodging        | 3 4 |  4.9
Fighting       | 5 6 |  6.2
Maces & Flails | 9 |  9.5

Action                     |  1- 3 |  4- 6 |  7- 9 || total
---------------------------+-------+-------+-------++-------
  Melee: Mace              |     7 |       |       ||     7
         Bite              |     2 |    17 |    28 ||    47
         Eveningstar       |     2 |   138 |     7 ||   147
         Whip              |       |    16 |   241 ||   257
         Punch             |       |     1 |     8 ||     9
   Fire: Sling             |    90 |       |     1 ||    91
 Invoke: Curse Item        |       |       |     2 ||     2
         Shatter the Chain |       |       |     1 ||     1
    Use: Scroll            |       |     4 |       ||     4
   Stab: Sleeping          |       |       |     3 ||     3
 Armour: Leather armour    |    15 |       |       ||    15
         Plate armour      |       |   110 |    49 ||   159
         Ring mail         |       |     4 |    45 ||    49
  Dodge: Dodged            |    28 |    23 |   117 ||   168

Table legend: (Time is in decaauts)
 A = Elapsed time spent in this place.
 B = Non-inter-level travel time spent in this place.
 C = Inter-level travel time spent in this place.
 D = Time resting spent in this place.
 E = Time spent auto-exploring this place.
 F = Levels seen in this place.
 G = Mean time per level.
                   A        B        C        D        E       F      G
               +--------+--------+--------+--------+--------+-----+--------+
         Total |   5903 |   5580 |    323 |    311 |   3966 |   8 |  737.9 |
       Dungeon |   5027 |   4735 |    292 |    311 |   3352 |   6 |  837.8 |
        Temple |    160 |    129 |     31 |      0 |    118 |   1 |  160.0 |
         Sewer |    715 |    715 |      0 |      0 |    495 |   1 |  715.0 |
               +--------+--------+--------+--------+--------+-----+--------+

Top non-repeatable levels by time:
     D:5: 1190 daAuts
     D:4: 1131 daAuts
     D:2: 880 daAuts
     D:1: 841 daAuts
     D:3: 715 daAuts
   Sewer: 715 daAuts
     D:6: 267 daAuts
  Temple: 160 daAuts
